TOP OF THE 1ST |
Purdue Boilermakers batting - Pitching for Kentucky Wildcats : RHP Pedro Flores
|
Pitching: RHP Pedro Flores
|
|
Batting: LHB Joe Kent
|
0-0: Ball 1-0: Called Strike 1-1: Fly out, F7 (Flyball, 78M)
|
Batting: SHB Bryan Atkins
|
0-0: Foul Ball, location: 2F 0-1: Foul Ball, location: 2F 0-2: Ball 1-2: Ground out 4-3 (Groundball, 4)
|
Batting: RHB Jorge Molina
|
0-0: Fly out, F8 (Line Drive, 8LM)
|
Top of the 1st over - 0 run(s), 0 hit(s), 0 error(s), 0 left on base; Purdue 0 - Kentucky 0 |
BOTTOM OF THE 1ST |
Kentucky Wildcats batting - Pitching for Purdue Boilermakers : LHP Doug Johnston
|
Pitching: LHP Doug Johnston
|
|
Batting: RHB Lewis Childress
|
0-0: Called Strike 0-1: Ball 1-1: Ball 2-1: Swinging Strike 2-2: Foul Ball, location: 2F 2-2: Ball 3-2: Base on Balls
|
Batting: SHB Eduardo Luna
|
0-0: Called Strike Lewis Childress is caught stealing 2nd base 0-1: Ball 1-1: Swinging Strike 1-2: Ground out 4-3 (Groundball, 4M)
|
Batting: LHB Mark Sanders
|
0-0: Called Strike 0-1: Ground out 6-3 (Groundball, 6MD)
|
Bottom of the 1st over - 0 run(s), 0 hit(s), 0 error(s), 0 left on base; Purdue 0 - Kentucky 0 |
TOP OF THE 2ND |
Purdue Boilermakers batting - Pitching for Kentucky Wildcats : RHP Pedro Flores
|
Batting: RHB Rafael Castro
|
0-0: Fly out, F9 (Flyball, 9LS)
|
Batting: RHB Bill Gilmore
|
0-0: Ball 1-0: Ball 2-0: Ball 3-0: Base on Balls
|
Batting: RHB Enrique Benítez
|
0-0: Swinging Strike 0-1: Called Strike 0-2: Foul Ball, location: 2F 0-2: Ball 1-2: Ball Pickoff Throw by Catcher to First - Out! 2-2: Strikes out swinging
|
Top of the 2nd over - 0 run(s), 0 hit(s), 0 error(s), 0 left on base; Purdue 0 - Kentucky 0 |
BOTTOM OF THE 2ND |
Kentucky Wildcats batting - Pitching for Purdue Boilermakers : LHP Doug Johnston
|
Batting: RHB Pat Johnston
|
0-0: Ball 1-0: Called Strike 1-1: Fly out, F8 (Line Drive, 8LM)
|
Batting: RHB Haywood Young
|
0-0: Called Strike 0-1: Ball 1-1: Ball 2-1: Foul Ball, location: 2F 2-2: Foul Ball, location: 2F 2-2: Fly out, F8 (Line Drive, 8RM)
|
Batting: LHB Caden Cleveland
|
0-0: Called Strike 0-1: SINGLE (Line Drive, 89M)
|
Batting: LHB Matt Taylor
|
0-0: Ball 1-0: Ball 2-0: Ball 3-0: Called Strike 3-1: Base on Balls Caden Cleveland to second
|
Batting: SHB Russ Beasley
|
0-0: Ball 1-0: Ball 2-0: Called Strike 2-1: Called Strike 2-2: Strikes out looking
|
Bottom of the 2nd over - 0 run(s), 1 hit(s), 0 error(s), 2 left on base; Purdue 0 - Kentucky 0 |
TOP OF THE 3RD |
Purdue Boilermakers batting - Pitching for Kentucky Wildcats : RHP Pedro Flores
|
Batting: RHB Jeff Richardson
|
0-0: Ball 1-0: Ball 2-0: Ball 3-0: Called Strike 3-1: Base on Balls
|
Batting: RHB Bruce Adams
|
0-0: Ball 1-0: Fly out, F8 (Flyball, 8RD)
|
Batting: RHB Mark Jackson
|
0-0: Reached on error, E5 (Groundball, 5S) Jeff Richardson to third
|
Batting: LHB Joe Kent
|
0-0: Called Strike 0-1: Ball 1-1: Foul Ball, location: 2F 1-2: Ball 2-2: Ball 3-2: Fly out, F9 (Flyball, 9S)
|
Batting: SHB Bryan Atkins
|
0-0: Called Strike 0-1: Ball 1-1: DOUBLE (Line Drive, 9LM) Jeff Richardson scores Mark Jackson scores
|
Batting: RHB Jorge Molina
|
0-0: Called Strike 0-1: Ball 1-1: Swinging Strike 1-2: Ball 2-2: Foul Ball, location: 2F 2-2: Strikes out swinging
|
Top of the 3rd over - 2 run(s), 1 hit(s), 1 error(s), 1 left on base; Purdue 2 - Kentucky 0 |
BOTTOM OF THE 3RD |
Kentucky Wildcats batting - Pitching for Purdue Boilermakers : LHP Doug Johnston
|
Batting: RHB Johnny Carson
|
0-0: Ball 1-0: Foul Ball, location: 2F 1-1: Swinging Strike 1-2: Ball 2-2: Fly out, F8 (Flyball, 8RD)
|
Batting: RHB Lewis Childress
|
0-0: Foul Ball, location: 2F 0-1: Ball 1-1: Foul Ball, location: 2F 1-2: Ball 2-2: Foul Ball, location: 2F 2-2: Strikes out swinging
|
Batting: SHB Eduardo Luna
|
0-0: Swinging Strike 0-1: Ball 1-1: Foul Ball, location: 2F 1-2: Strikes out swinging
|
Bottom of the 3rd over - 0 run(s), 0 hit(s), 0 error(s), 0 left on base; Purdue 2 - Kentucky 0 |
TOP OF THE 4TH |
Purdue Boilermakers batting - Pitching for Kentucky Wildcats : RHP Pedro Flores
|
Batting: RHB Rafael Castro
|
0-0: Called Strike 0-1: Fly out, F9 (Flyball, 9LM)
|
Batting: RHB Bill Gilmore
|
0-0: Called Strike 0-1: Swinging Strike 0-2: Ball 1-2: Foul Ball, location: 2F 1-2: Ground out 6-3 (Groundball, 6)
|
Batting: RHB Enrique Benítez
|
0-0: Foul Ball, location: 2F 0-1: DOUBLE (Flyball, 7LM)
|
Batting: RHB Jeff Richardson
|
0-0: Foul Ball, location: 2F 0-1: Ball 1-1: Called Strike 1-2: Strikes out swinging
|
Top of the 4th over - 0 run(s), 1 hit(s), 0 error(s), 1 left on base; Purdue 2 - Kentucky 0 |
BOTTOM OF THE 4TH |
Kentucky Wildcats batting - Pitching for Purdue Boilermakers : LHP Doug Johnston
|
Batting: LHB Mark Sanders
|
0-0: Called Strike 0-1: Ground out 4-3 (Groundball, 34)
|
Batting: RHB Pat Johnston
|
0-0: Called Strike 0-1: Ball 1-1: Foul Ball, location: 2F 1-2: Ball 2-2: Foul Ball, location: 2F 2-2: Strikes out swinging
|
Batting: RHB Haywood Young
|
0-0: Ball 1-0: Called Strike 1-1: Ball 2-1: Ball 3-1: Base on Balls
|
Batting: LHB Caden Cleveland
|
0-0: Called Strike 0-1: Fly out, F7 (Flyball, 7LS)
|
Bottom of the 4th over - 0 run(s), 0 hit(s), 0 error(s), 1 left on base; Purdue 2 - Kentucky 0 |
TOP OF THE 5TH |
Purdue Boilermakers batting - Pitching for Kentucky Wildcats : RHP Pedro Flores
|
Batting: RHB Bruce Adams
|
0-0: Foul Ball, location: 2F 0-1: Ground out 6-3 (Groundball, 6)
|
Batting: RHB Mark Jackson
|
0-0: Ball 1-0: Called Strike 1-1: Fly out, F9 (Flyball, 9S)
|
Batting: LHB Joe Kent
|
0-0: Ball 1-0: Foul Ball, location: 2F 1-1: Foul Ball, location: 2F 1-2: Strikes out looking
|
Top of the 5th over - 0 run(s), 0 hit(s), 0 error(s), 0 left on base; Purdue 2 - Kentucky 0 |
BOTTOM OF THE 5TH |
Kentucky Wildcats batting - Pitching for Purdue Boilermakers : LHP Doug Johnston
|
Batting: LHB Matt Taylor
|
0-0: Swinging Strike 0-1: Swinging Strike 0-2: Foul Ball, location: 2F 0-2: Strikes out swinging
|
Batting: SHB Russ Beasley
|
0-0: Called Strike 0-1: Called Strike 0-2: Ball 1-2: Ball 2-2: Strikes out swinging
|
Batting: RHB Johnny Carson
|
0-0: Ground out 5-3 (Groundball, 56)
|
Bottom of the 5th over - 0 run(s), 0 hit(s), 0 error(s), 0 left on base; Purdue 2 - Kentucky 0 |
TOP OF THE 6TH |
Purdue Boilermakers batting - Pitching for Kentucky Wildcats : RHP Pedro Flores
|
Batting: SHB Bryan Atkins
|
0-0: Called Strike 0-1: Called Strike 0-2: Ball 1-2: Strikes out looking
|
Batting: RHB Jorge Molina
|
0-0: Ball 1-0: Foul Ball, location: 2F 1-1: Swinging Strike 1-2: Strikes out swinging
|
Batting: RHB Rafael Castro
|
0-0: Foul Ball, location: 2F 0-1: Ball 1-1: SINGLE (Groundball, 4MD)
|
Batting: RHB Bill Gilmore
|
0-0: Called Strike 0-1: SINGLE (Groundball, 34D) Rafael Castro to second Runner from 2nd tries for 3rd, SAFE, throw made to third
|
Batting: RHB Enrique Benítez
|
0-0: Ball 1-0: Ball 2-0: Ball 3-0: Base on Balls Bill Gilmore to second
|
Pitching: RHP Luis Vela
|
|
Batting: RHB Jeff Richardson
|
0-0: Ball 1-0: Fielders Choice at 2nd, 6-4 (Groundball, 6)
|
Top of the 6th over - 0 run(s), 2 hit(s), 0 error(s), 2 left on base; Purdue 2 - Kentucky 0 |
BOTTOM OF THE 6TH |
Kentucky Wildcats batting - Pitching for Purdue Boilermakers : LHP Doug Johnston
|
Batting: RHB Lewis Childress
|
0-0: Ball 1-0: Swinging Strike 1-1: Swinging Strike 1-2: Ball 2-2: Strikes out swinging, 2-3 out at first.
|
Batting: SHB Eduardo Luna
|
0-0: Called Strike 0-1: Ball 1-1: SINGLE (Line Drive, 6M)
|
Pitching: RHP Bob Dickerson
|
|
Batting: LHB Mark Sanders
|
0-0: Foul Ball, location: 2F 0-1: SINGLE (Groundball, 34D) Eduardo Luna to second
|
Batting: RHB Pat Johnston
|
0-0: Ball 1-0: Ball 2-0: Ball 3-0: Base on Balls Eduardo Luna to third Mark Sanders to second
|
Batting: RHB Haywood Young
|
0-0: Swinging Strike 0-1: Foul Ball, location: 2F 0-2: Fielders Choice at 2nd, 6-4 (Groundball, 6) Eduardo Luna scores Mark Sanders to third
|
Batting: LHB Caden Cleveland
|
0-0: Called Strike 0-1: Ball 1-1: Ball 2-1: Swinging Strike 2-2: Ball 3-2: Base on Balls Haywood Young to second
|
Batting: LHB Matt Taylor
|
0-0: Ball 1-0: Swinging Strike 1-1: Called Strike 1-2: Foul Ball, location: 2F 1-2: Strikes out swinging
|
Bottom of the 6th over - 1 run(s), 2 hit(s), 0 error(s), 3 left on base; Purdue 2 - Kentucky 1 |
TOP OF THE 7TH |
Purdue Boilermakers batting - Pitching for Kentucky Wildcats : RHP Luis Vela
|
Batting: RHB Bruce Adams
|
0-0: Fly out, F7 (Flyball, 78M)
|
Batting: RHB Mark Jackson
|
0-0: Called Strike 0-1: Swinging Strike 0-2: Ground out 5-3 (Groundball, 56)
|
Batting: LHB Joe Kent
|
0-0: Foul Ball, location: 2F 0-1: Fly out, F4 (Popup, 34D)
|
Top of the 7th over - 0 run(s), 0 hit(s), 0 error(s), 0 left on base; Purdue 2 - Kentucky 1 |
BOTTOM OF THE 7TH |
Kentucky Wildcats batting - Pitching for Purdue Boilermakers : RHP Bob Dickerson
|
Batting: SHB Russ Beasley
|
0-0: Called Strike 0-1: Foul Ball, location: 2F 0-2: Fly out, F8 (Line Drive, 8RM)
|
Batting: RHB Johnny Carson
|
0-0: Called Strike 0-1: Called Strike 0-2: Strikes out swinging
|
Batting: RHB Lewis Childress
|
0-0: Ball 1-0: Ball 2-0: Ball 3-0: Called Strike 3-1: Foul Ball, location: 2F 3-2: Base on Balls
|
Batting: SHB Eduardo Luna
|
0-0: Called Strike 0-1: Ball 1-1: Ball 2-1: Ball 3-1: Fielders Choice at 2nd, 4-6 (Groundball, 4)
|
Bottom of the 7th over - 0 run(s), 0 hit(s), 0 error(s), 0 left on base; Purdue 2 - Kentucky 1 |
TOP OF THE 8TH |
Purdue Boilermakers batting - Pitching for Kentucky Wildcats : RHP Luis Vela
|
Batting: SHB Bryan Atkins
|
0-0: Ball 1-0: Fly out, F7 (Flyball, 7)
|
Batting: RHB Jorge Molina
|
0-0: Called Strike 0-1: Foul Ball, location: 2F 0-2: Ball 1-2: Ball 2-2: Strikes out swinging
|
Batting: RHB Rafael Castro
|
0-0: Swinging Strike 0-1: Ball 1-1: Ball 2-1: Fly out, F7 (Flyball, 78M)
|
Top of the 8th over - 0 run(s), 0 hit(s), 0 error(s), 0 left on base; Purdue 2 - Kentucky 1 |
BOTTOM OF THE 8TH |
Kentucky Wildcats batting - Pitching for Purdue Boilermakers : RHP Bob Dickerson
|
Pitching: LHP Neil White
|
|
Now at 1B: Carl Carver
|
|
Batting: LHB Mark Sanders
|
0-0: Fly out, F8 (Flyball, 8LM)
|
Pitching: RHP David James
|
|
Batting: RHB Pat Johnston
|
0-0: Ball 1-0: Ball 2-0: SINGLE (Flyball, 9LM)
|
Batting: RHB Haywood Young
|
0-0: Ball 1-0: Called Strike 1-1: Called Strike 1-2: Ball 2-2: Ball 3-2: Foul Ball, location: 2F 3-2: Foul Ball, location: 2F 3-2: Foul Ball, location: 2F 3-2: Foul Ball, location: 2F 3-2: Fly out, F7 (Flyball, 7LS)
|
Batting: LHB Caden Cleveland
|
0-0: Fielders Choice at 2nd, 4-6 (Groundball, 4)
|
Bottom of the 8th over - 0 run(s), 1 hit(s), 0 error(s), 0 left on base; Purdue 2 - Kentucky 1 |
TOP OF THE 9TH |
Purdue Boilermakers batting - Pitching for Kentucky Wildcats : RHP Luis Vela
|
Pitching: RHP Ron Lambert
|
|
Batting: RHB Bill Gilmore
|
0-0: Ball 1-0: Called Strike 1-1: DOUBLE (Line Drive, 7LM)
|
Pinch Hitting: RHB Brian McCoy
|
0-0: Intentional Walk
|
Batting: RHB Jeff Richardson
|
0-0: Ball 1-0: Foul Ball, location: 2F 1-1: Ball 2-1: Swinging Strike 2-2: Foul Ball, location: 2F 2-2: Ball 3-2: Fly out, F5 (Line Drive, 5)
|
Batting: RHB Bruce Adams
|
0-0: Ball Wild Pitch! Bill Gilmore to third Brian McCoy to second 1-0: SINGLE (Groundball, 56) (infield hit) Bill Gilmore scores Brian McCoy to third
|
Batting: RHB Mark Jackson
|
0-0: Fly out, F7 (Flyball, 7) Runner from 3rd tags up, OUT at HOME
|
Top of the 9th over - 1 run(s), 2 hit(s), 0 error(s), 1 left on base; Purdue 3 - Kentucky 1 |
BOTTOM OF THE 9TH |
Kentucky Wildcats batting - Pitching for Purdue Boilermakers : RHP David James
|
Pitching: RHP Ron Williams
|
|
Now at C: Javier Moreno
|
|
Batting: LHB Matt Taylor
|
0-0: Called Strike 0-1: Ball 1-1: Foul Ball, location: 2F 1-2: Ball 2-2: Ball 3-2: Fly out, F8 (Flyball, 8RM)
|
Batting: SHB Russ Beasley
|
0-0: Ball 1-0: Ball 2-0: Ball 3-0: Called Strike 3-1: Foul Ball, location: 2F 3-2: Strikes out swinging
|
Batting: RHB Johnny Carson
|
0-0: Foul Ball, location: 2F 0-1: Foul Ball, location: 2F 0-2: Ball 1-2: Ball 2-2: Ball 3-2: Fly out, F6 (Popup, 4M)
|
Bottom of the 9th over - 0 run(s), 0 hit(s), 0 error(s), 0 left on base; Purdue 3 - Kentucky 1 |
|